 Dungeon Crawl Stone Soup version 0.26-a0-651-gb41185065b (webtiles) character file.

Game seed: 6001345967388842725

649648 raph the Wrestler (level 27, -7/279 HPs)
             Began as a Troll Berserker on Oct 19, 2020.
             Was a High Priest of Trog.
             Killed from afar by an orb of fire (21 damage)
             ... with a bolt of fire
             ... on level 5 of the Realm of Zot on Oct 20, 2020.
             The game lasted 03:25:33 (67248 turns).

raph the Wrestler (Troll Berserker)                Turns: 67248, Time: 03:25:34

Health: -7/279     AC: 36    Str: 35    XL:     27
Magic:  0/17       EV: 20    Int:  4    God:    Trog [*****.]
Gold:   3349       SH: 32    Dex: 24    Spells: 26/26 levels left

rFire    + . .     SeeInvis .     - Unarmed
rCold    + . .     Faith    .   r - +1 tower shield {AC+3}
rNeg     + + .     Spirit   +   J - +10 gold dragon scales
rPois    +         Reflect  +   W - +2 hat of the Bear Spirit {Spirit, +Rage rN+ MR++}
rElec    .         Harm     .   I - +2 cloak {rCorr}
rCorr    +         Rampage  .   (gloves unavailable)
MR       +++++                  (boots unavailable)
Stlth    ..........             R - amulet "Guenughu" {Reflect MR+ SH+5}
HPRegen  1.96/turn              Q - ring of Umabrehi {rPois rN+ MR+ Str+2}
MPRegen  0.15/turn              f - ring of Miwnoed {+Fly EV+4 Dex+7}

@: berserk cooldown, regenerating, slowed, very slow
A: large, unfitting armour, claws 3, blurry vision 2, deformed body,
deterioration 1, low mp 2, regeneration 1, screaming 1, shaggy fur 1, tough skin
3
}: 3/15 runes: serpentine, barnacled, silver
a: Berserk, Trog's Hand, Brothers in Arms, Renounce Religion, Evoke Berserk
Rage, Evoke Flight


You were on level 5 of the Realm of Zot.
You worshipped Trog.
Trog was extremely pleased with you.
You visited 9 branches of the dungeon, and saw 49 of its levels.
You visited the Abyss 1 time.
You also visited: Sewer, Ossuary, Gauntlet and Ice Cave.

You collected 8142 gold pieces.
You spent 4793 gold pieces at shops.

Inventory:

Hand Weapons
 L - the +3 flail of Pandemonium {protect, Dex+5}
   (You found it on level 7 of the Dungeon)

   It grants its wielder temporary protection when it strikes (+7 to AC).
   It affects your dexterity (+5).
Missiles
 k - 87 poisoned darts
 A - 90 large rocks (quivered)
 S - 68 silver javelins
Armour
 r - a +1 tower shield of protection (worn)
 y - the +2 cloak of the Thief {*Fog Slay-2 SInv Stlth+}
   (You found it on level 1 of the Vaults)

   It affects your accuracy and damage with ranged weapons and melee attacks
   (-2).
   It lets you see invisible.
   It makes you more stealthy.
 I - a +2 cloak of preservation (worn)
 J - +10 gold dragon scales (worn)
 W - the +2 hat of the Bear Spirit (worn) {Spirit, +Rage rN+ MR++}
   (You found it on level 14 of the Dungeon)

   It protects you from negative energy.
   It affects your resistance to hostile enchantments.
   It lets you go berserk.
Jewellery
 f - the ring of Miwnoed (right claw) {+Fly EV+4 Dex+7}
   (You bought it in a shop on level 3 of the Depths)

   [ring of evasion]

   It affects your evasion (+4).
   It affects your dexterity (+7).
   It lets you fly.
 D - the ring of Gudu Jun {rC- rN+++ EV+4 Str-5 Int+10}
   (You found it on level 5 of the Depths)

   [ring of evasion]

   It affects your evasion (+4).
   It affects your strength (-5).
   It affects your intelligence (+10).
   It makes you vulnerable to cold.
   It renders you almost immune to negative energy.
 F - the ring of Shadows {Umbra +Inv Stlth+}
   (You took it off a deep elf knight on level 3 of the Elven Halls)

   [ring of stealth]

   It lets you turn invisible.
   It makes you more stealthy.
 Q - the ring of Umabrehi (left claw) {rPois rN+ MR+ Str+2}
   (You took it off a minotaur in a Gauntlet)

   [ring of protection from magic]

   It affects your strength (+2).
   It protects you from poison.
   It protects you from negative energy.
   It affects your resistance to hostile enchantments.
 R - the amulet "Guenughu" (around neck) {Reflect MR+ SH+5}
   (You took it off a deep elf knight on level 3 of the Elven Halls)

   [amulet of reflection]

   It shields you and reflects attacks.
   It affects your resistance to hostile enchantments.
   It affects your SH (+5).
Wands
 b - a wand of flame (62)
 l - a wand of disintegration (21)
 v - a wand of iceblast (94)
 H - a wand of digging (5)
 N - a wand of acid (50)
 O - a wand of random effects (15)
Scrolls
 h - 23 scrolls of remove curse
 j - 2 scrolls of magic mapping
 n - 34 scrolls of identify
 q - 6 scrolls of blinking
 s - a scroll of summoning
 u - 3 scrolls of holy word
 w - 29 scrolls of teleportation
 K - 8 scrolls of fog
 U - 4 scrolls of silence
 Y - 8 scrolls of fear
Potions
 c - 5 potions of might
 d - a potion of berserk rage
 e - 19 potions of curing
 g - 5 potions of stabbing
 i - 5 potions of resistance
 m - 8 potions of haste
 o - 2 potions of magic
 p - 15 potions of flight
 x - 4 potions of invisibility
 z - 2 potions of ambrosia
 Z - 5 potions of cancellation
Miscellaneous
 t - a lightning rod (4/4)
 B - a phantom mirror
 P - a phial of floods (inert)
 T - a tin of tremorstones (3/3)
 V - a box of beasts (2/3)


   Skills:
 + Level 17.5 Fighting
 - Level 13.0 Throwing
 - Level 14.4 Armour
 - Level 14.9 Dodging
 - Level 12.0 Stealth
 - Level 19.0 Shields
 * Level 24.7 Unarmed Combat
 - Level 14.4 Evocations


You had 26 spell levels left.
You didn't know any spells.
Your spell library was empty.

Dungeon Overview and Level Annotations

Branches:
Dungeon (15/15)            Temple (0/1) D:7            Lair (6/6) D:9
 Shoals (4/4) Lair:4        Snake (4/4) Lair:2        Slime (0/5) Lair:5
    Orc (2/2) D:9             Elf (3/3) Orc:2        Vaults (5/5) D:13
  Crypt (0/3) Vaults:2     Depths (5/5) D:15            Zot (5/5) Depths:5
  Sewer (visited)         Ossuary (visited)           IceCv (visited)
Gauntlet (visited)

Altars:
Ashenzari
Makhleb
Nemelex Xobeh
Ru
Trog
Uskayaw
Vehumet
Wu Jian
Xom
Yredelemnul
Zin
The Shining One
Beogh

Shops:
D:6 [:*}   D:9 (   Orc:2 ?}=*:[[[(   Elf:1 *   Elf:3 !   Shoals:2 ?
Shoals:3 ?   Snake:1 [*?   Snake:4 [   Vaults:2 (   Depths:3 }=}

Portals:
Hell: Depths:1 Depths:2 Depths:3 Depths:4 Depths:5
Abyss: Lair:6 Depths:3 Depths:4
Pandemonium: Depths:3 Depths:5
Ziggurat: Depths:4

Annotations:
D:12 3 runed translucent doors
D:15 2 runed translucent doors
Snake:1 3 runed translucent doors, Ecilena's ghost, adept DsBe; Fastnbulbous's ghost, adept HaFi


Innate Abilities, Weirdness & Mutations

You are too large for most types of armour.
You have claws for hands.
Your natural rate of healing is unusually fast.
You are covered in fur. (AC +1)
You have extremely tough skin. (AC +3)
Scrolls take you longer to read.
Armour fits poorly on your strangely shaped body.
Your body sometimes deteriorates upon taking damage.
Your magical capacity is very low. (-20% MP)
You occasionally shout uncontrollably at your foes.


Message History

Your mature oxsting beast splashes around in the water.
Your mature oxsting beast tramples the orb of fire.
The orb of fire is shoved backwards!
You closely miss the orb of fire.
The orb of fire is moderately damaged.
Your mature oxsting beast hits the orb of fire but does no damage.
Your mature oxsting beast tramples the orb of fire but does no damage.
Your mature oxsting beast stings the orb of fire but does no damage.
Unknown command.
Your gold dragon scales prevents you from hitting the orb of fire.
The orb of fire is moderately damaged.
The orb of fire emits a lurid red light.
Strange energies course through your body.
You feel less energetic.
Unknown command.
You scratch the orb of fire but do no damage.
The orb of fire is lightly damaged.
The orb of fire glows red.
The bolt of fire hits you!! You resist.
You die...

**^,,,,,,,,,,,...........,*
*,,,,,,,,,,^....(........*
**,,,,,,,,,,,...........▓*
***,,,,,,,,,,.........▓*
****,,,,,,,,..≈....▓*
#▓▓▓▓▓▓▓▓▓▓▓##≈≈...▓▓
###.)†)).....≈≈)≈)^...##
##....##).....≈≈H≈).....##
#..)###.......≈.@*)......##
...###.............)......#
..## #.....^..............#
..# #..............[...(.#
.## #^.................^.#
^# #....................#
.## #.[...^.^............#
..# *#.....^............##
..#* ##................##


You could see an orb of fire (waterlogged) and a friendly mature oxsting beast
(summoned, waterlogged).

Vanquished Creatures
  3 ancient liches
  2 orbs of fire (Zot:5)
  2 juggernauts
  The ghost of catramo the Impaler, a veteran DsVM of Sif Muna (Depths:5)
  A Killer Klown (Zot:5)
  Vashnia (Snake:3)
  A curse toe (Zot:5)
  the Enchantress (Depths:1)
  13 golden dragons
  An electric golem (Zot:5)
  19 tentacled monstrosities
  An Ice Fiend (IceCv)
  4 titans
  10 Orb Guardians (Zot:5)
  5 liches
  2 deep elf master archers (Elf:3)
  The ghost of akrivosticles the Severer, an adept DDFi of Makhleb (Elf:3)
  9 death cobs
  2 deep elf blademasters
  Gastronok (Lair:2)
  9 quicksilver dragons
  A titan (shapeshifter) (Depths:2)
  3 sphinxes
  4 tengu reavers
  2 azure jellies (shapeshifter) (Depths:2)
  16 shadow dragons
  16 storm dragons
  Kirke (D:15)
  A shadow dragon (shapeshifter) (Depths:2)
  Roxanne (Snake:3)
  7 nagarajas
  8 draconian monks
  2 iron dragons (Vaults:5)
  13 frost giants
  18 fire giants
  2 ghost moths
  A cacodemon (Depths:5)
  3 draconian knights
  8 deep elf sorcerers
  16 vault wardens
  9 draconian scorchers
  A spectral juggernaut (Depths:5)
  10 draconian shifters
  The ghost of donkeybrains the Grappler, a journeyman TrFi of Okawaru (Lair:6)
  11 deep elf elementalists
  2 ghouls (Vaults:2)
  2 war gargoyles
  2 vampire knights (Depths:1)
  9 draconian annihilators
  6 spriggan defenders
  18 stone giants
  An entropy weaver (Vaults:2)
  18 ironheart preservers
  20 very ugly things
  A draconian stormcaller (Zot:3)
  14 green draconians
  Nessos (D:15)
  12 yellow draconians
  8 deep elf demonologists
  11 red draconians
  12 black draconians
  6 deep elf annihilators
  A spark wasp (shapeshifter) (Depths:2)
  4 spark wasps
  A minotaur (Gauntlet)
  2 spectral titans (Depths:5)
  16 white draconians
  14 purple draconians
  A dire elephant (shapeshifter) (Vaults:5)
  Snorg (Lair:4)
  A blizzard demon (Depths:2)
  7 crystal guardians (Depths:2)
  17 yaktaur captains
  8 deep elf death magi
  9 ettins
  6 fire dragons
  9 merfolk impalers
  4 merfolk javelineers (Shoals:4)
  3 jiangshi
  7 deep elf high priests
  Fannar (Lair:3)
  Josephine (D:15)
  A fire dragon (shapeshifter) (Depths:4)
  2 spectral golden dragons (Depths:5)
  30 vault guards
  A spectral tengu (Depths:5)
  5 rakshasas
  A spectral shadow dragon (Depths:5)
  4 great orbs of eyes
  A caustic shrike simulacrum (Depths:5)
  6 ice dragons
  8 hydras
  A death knight (Vaults:1)
  14 naga warriors
  8 centaur warriors
  4 merfolk aquamancers (Shoals:4)
  6 spriggan air magi
  An alligator snapping turtle (Shoals:4)
  9 anacondas
  A satyr (Shoals:2)
  47 two-headed ogres
  3 merfolk avatars
  13 ogre magi
  37 dancing weapons
  A satyr (shapeshifter) (Depths:2)
  An alligator (Lair:6)
  4 tengu warriors
  3 death yaks (Lair:4)
  8 deep troll earth magi
  6 deep troll shamans
  12 naga sharpshooters
  4 thrashing horrors (Abyss:3)
  2 spriggan berserkers
  2 orc high priests
  A storm dragon zombie (Vaults:2)
  9 hell knights
  A vampire mage (Depths:4)
  4 spriggans
  Urug (D:12)
  2 sun demons (Depths:1)
  8 shock serpents
  A shock serpent (shapeshifter) (Vaults:5)
  3 soul eaters
  A fire crab (shapeshifter) (Elf:1)
  20 sea snakes
  33 deep elf knights
  4 shadow wraiths
  A sixfirhy (Gauntlet)
  4 salamander mystics
  11 iron trolls
  4 small abominations
  3 death drakes (Depths:5)
  A skeletal warrior (Vaults:2)
  A storm dragon skeleton (Vaults:2)
  23 deep trolls
  5 glowing orange brains
  A spriggan druid (Elf:3)
  A wretched star (Abyss:3)
  An unseen horror (D:13)
  5 obsidian statues
  14 ironbrand convokers
  A shadow demon (Depths:1)
  4 phantasmal warriors
  19 orc knights
  2 flayed ghosts
  4 lindwurms
  A tengu zombie (Depths:1)
  13 deep elf archers
  6 naga ritualists
  4 wizards
  2 harpies (shapeshifter)
  17 harpies
  4 orc sorcerers
  A mana viper (shapeshifter) (Depths:2)
  11 mana vipers
  5 necromancers
  A wolf spider (Vaults:1)
  2 shining eyes (shapeshifter) (Vaults:5)
  An orb spider (shapeshifter) (Elf:2)
  54 deep elf magi
  51 ugly things
  4 manticores
  A golden dragon skeleton (Depths:1)
  10 fauns
  41 moths of wrath
  16 salamanders
  A worldbinder (Abyss:3)
  11 elephants
  5 cyclopes
  A fire giant skeleton (Vaults:2)
  4 merfolk sirens
  35 black mambas
  2 water nymphs
  4 molten gargoyles (Depths:2)
  An ice statue (IceCv)
  A torpor snail (Lair:6)
  A stone giant skeleton (Vaults:2)
  A black mamba (shapeshifter) (Vaults:4)
  3 gargoyles
  3 smoke demons
  13 vault sentinels
  A guardian serpent (shapeshifter) (Vaults:4)
  4 guardian serpents
  21 cane toads
  3 orange demons (Depths:1)
  Psyche (D:12)
  4 centaur skeletons
  17 naga magi
  11 rime drakes
  3 cane toads (shapeshifter)
  A storm dragon simulacrum (Depths:5)
  A yaktaur zombie (Vaults:2)
  12 freezing wraiths
  6 komodo dragons
  9 ice devils
  A yaktaur (shapeshifter) (Vaults:1)
  2 efreet (Zot:1)
  A golden dragon simulacrum (Depths:5)
  2 merfolk (shapeshifter)
  52 yaktaurs
  4 anaconda simulacra (IceCv)
  An ancient zyme (Lair:6)
  3 human skeletons (Vaults:2)
  6 red devils
  17 trolls
  2 tengu conjurers
  A queen bee (Lair:3)
  5 polar bears
  20 merfolk
  12 wind drakes
  A polar bear (shapeshifter) (D:14)
  Prince Ribbit (D:6)
  8 hornets
  A wind drake (shapeshifter) (Vaults:1)
  A hornet (shapeshifter) (Elf:3)
  A wolf spider simulacrum (IceCv)
  4 tyrant leeches (Lair:6)
  15 slime creatures
  A blink frog (shapeshifter) (Depths:1)
  3 large abominations
  2 hippogriffs (shapeshifter)
  A fire dragon zombie (Depths:1)
  A tengu simulacrum (Depths:5)
  A fire giant simulacrum (Depths:1)
  17 blink frogs
  5 snapping turtles (Shoals:4)
  9 hippogriffs
  A meliai zombie (D:10)
  A redback (Vaults:2)
  8 wraiths
  18 water elementals
  2 shadows
  A ynoxinul (Abyss:3)
  5 wyverns
  2 ettin skeletons
  3 tarantellas (shapeshifter)
  A tarantella (Vaults:2)
  A wyvern (shapeshifter) (Vaults:4)
  9 air elementals (Depths:2)
  2 basilisks (Lair:4)
  3 hogs (shapeshifter)
  A chaos spawn (Abyss:3)
  2 yaks (shapeshifter)
  A hog (D:15)
  A fire bat (shapeshifter) (Depths:4)
  35 yaks
  9 fire elementals
  9 humans (D:13)
  A neqoxec (Abyss:3)
  A basilisk (shapeshifter) (Abyss:3)
  3 death yak simulacra (IceCv)
  11 steam dragons
  14 vampire mosquitoes
  Edmund (D:5)
  5 iron troll simulacra (IceCv)
  5 acid dragons
  7 wargs
  3 harpy simulacra (IceCv)
  3 insubstantial wisps (Depths:2)
  2 soldier ants
  62 nagas
  19 water moccasins
  2 hell hounds (D:15)
  2 hydra simulacra (IceCv)
  A floating eye (Depths:3)
  5 porcupines
  4 swamp drakes (Depths:5)
  Duvessa (D:5)
  40 orc warriors
  A black bear (Lair:2)
  5 phantoms
  A sky beast (D:8)
  3 ice beasts
  2 ettin simulacra
  An eye of draining (shapeshifter) (D:13)
  2 necrophages
  A wolf (shapeshifter) (D:14)
  18 centaurs
  43 ogres
  7 wolves
  16 boggarts
  17 crocodiles
  A big kobold (shapeshifter) (Vaults:5)
  4 big kobolds
  24 bullfrogs
  13 earth elementals
  A yaktaur skeleton (Depths:1)
  A glowing shapeshifter simulacrum (Depths:5)
  A wyvern zombie (D:13)
  Dowan (D:5)
  4 scorpions
  A swamp dragon simulacrum (IceCv)
  38 killer bees
  A human simulacrum (Vaults:1)
  5 wights (D:10)
  An electric eel (Lair:6)
  10 howler monkeys
  19 crimson imps (Depths:1)
  A bullfrog zombie (D:13)
  6 centaur zombies
  11 hounds
  2 draconian simulacra (IceCv)
  A quasit (D:8)
  15 starcursed masses
  4 bullfrog skeletons
  19 jellies
  19 orc wizards
  Crazy Yiuf (D:3)
  A gnoll shaman (D:4)
  21 orc priests
  3 iron imps
  Jessica (D:2)
  Ijyb (D:3)
  5 iguanas
  3 spriggan simulacra
  10 worker ants
  2 troll simulacra (IceCv)
  2 big kobold zombies (Ossuary)
  A centaur simulacrum (IceCv)
  A hound zombie (D:6)
  A hound skeleton (D:6)
  7 mummies
  Robin (D:3)
  19 gnolls
  2 ogre simulacra
  A river rat (Lair:3)
  24 adders
  A naga simulacrum (IceCv)
  9 shadow imps
  13 white imps
  18 ufetubi
  3 oozes (Lair:5)
  An adder skeleton (D:9)
  4 worms
  A dart slug (D:1)
  11 leopard geckos
  96 orcs
  17 bats
  6 giant cockroaches
  11 goblins
  8 hobgoblins
  20 jackals
  22 kobolds
  3 quokkas
  4 ball pythons
  10 frilled lizards
  A frilled lizard (shapeshifter) (Vaults:5)
  5 hobgoblin zombies
  An orc zombie (D:5)
  9 rats
  5 butterflies (Vaults:4)
  3 tentacles (Shoals:3)
2581 creatures vanquished.

Vanquished Creatures (collateral kills)
  A kraken (Shoals:3)
  A draconian monk (Zot:4)
  2 deep elf sorcerers (Elf:3)
  A frost giant (Shoals:4)
  2 very ugly things (Vaults:4)
  A deep elf annihilator (Elf:3)
  Azrael (D:15)
  A white draconian (Zot:4)
  A merfolk impaler (Shoals:4)
  3 vault guards
  3 orc high priests (Orc:2)
  A deep elf knight (D:15)
  A salamander mystic (Snake:3)
  2 harpies (Shoals:4)
  An ironbrand convoker (Vaults:3)
  2 orc knights (Orc:2)
  3 orc sorcerers (Orc:2)
  3 salamanders (Snake:3)
  A black mamba (Snake:3)
  A water nymph (Shoals:4)
  A yaktaur (Vaults:3)
  A red devil (Lair:6)
  2 fire elementals (D:15)
  A steam dragon (Lair:4)
  2 orc warriors (Orc:2)
  An orc priest (Orc:2)
  2 orcs (Vaults:3)
  A butterfly (Vaults:4)
43 creatures vanquished.

Vanquished Creatures (others)
  A draconian annihilator (Zot:5)
  A vault guard (Vaults:5)
  A dancing weapon (Depths:2)
  A necromancer (Depths:4)
  An ugly thing (Depths:2)
  2 air elementals (Elf:3)
  2 water elementals (Elf:3)
  2 humans
  A naga (Snake:4)
  An ogre (Zot:1)
  An adder (D:12)
  12 ball lightnings (Depths:2)
  46 fungi
  153 plants
  11 tentacles (Shoals:3)
  4 toadstools (D:1)
  3 withered plants (Snake:1)
243 creatures vanquished.

Grand Total: 2867 creatures vanquished

Notes
Turn   | Place    | Note
-------+----------+-------------------------------------------
     0 | D:1      | raph the Troll Berserker began the quest for the Orb.
     0 | D:1      | Reached XP level 1. HP: 22/22 MP: 0/0
   186 | D:1      | Reached XP level 2. HP: 29/29 MP: 1/1
   306 | D:1      | Reached ** piety under Trog
   475 | D:1      | Reached XP level 3. HP: 36/36 MP: 2/2
   705 | D:2      | Found a radiant altar of Vehumet.
   862 | D:2      | Noticed Jessica
   866 | D:2      | Killed Jessica
   866 | D:2      | Reached skill level 4 in Unarmed Combat
   866 | D:2      | Reached XP level 4. HP: 44/44 MP: 3/3
  1149 | D:3      | Noticed Robin
  1160 | D:3      | Killed Robin
  1241 | D:3      | Reached *** piety under Trog
  1380 | D:3      | Noticed Ijyb
  1386 | D:3      | Killed Ijyb
  1386 | D:3      | Reached XP level 5. HP: 53/53 MP: 4/4
  1871 | D:3      | Found a runed translucent door.
  1872 | D:3      | Noticed Crazy Yiuf
  1881 | D:3      | Killed Crazy Yiuf
  1983 | D:4      | Reached skill level 5 in Unarmed Combat
  2017 | D:4      | Noticed an ogre
  2022 | D:4      | Killed an ogre
  2022 | D:4      | Reached XP level 6. HP: 61/61 MP: 5/5
  2218 | D:4      | Reached skill level 6 in Unarmed Combat
  2228 | D:4      | Reached XP level 7. HP: 49/68 MP: 6/6
  2706 | D:4      | Reached **** piety under Trog
  2793 | D:5      | Entered Level 5 of the Dungeon
  2803 | D:5      | Reached skill level 7 in Unarmed Combat
  2895 | D:5      | Noticed Duvessa
  2895 | D:5      | Noticed Dowan
  2904 | D:5      | Killed Duvessa
  2904 | D:5      | Reached XP level 8. HP: 79/79 MP: 7/7
  2908 | D:5      | Killed Dowan
  2987 | D:5      | Found a sand-covered staircase.
  2993 | Ossuary  | Entered an ossuary
  3091 | Ossuary  | Reached skill level 8 in Unarmed Combat
  3239 | D:5      | Noticed Edmund
  3251 | D:5      | Killed Edmund
  3251 | D:5      | Reached skill level 5 in Fighting
  3251 | D:5      | Reached skill level 5 in Dodging
  3992 | D:5      | Reached XP level 9. HP: 88/88 MP: 8/8
  4455 | D:6      | Reached skill level 9 in Unarmed Combat
  4482 | D:6      | Noticed Prince Ribbit
  4498 | D:6      | Killed Prince Ribbit
  4576 | D:6      | Reached ***** piety under Trog
  4852 | D:6      | Found Cafurghan's Book Emporium.
  4854 | D:6      | Found Bunimury's Antique Armour Emporium.
  4856 | D:6      | Found Agothref's General Store.
  4859 | D:6      | Found Riomeat's Gadget Emporium.
  4865 | D:6      | Bought an ancient robe for 108 gold pieces
  4865 | D:6      | Bought a scale mail for 76 gold pieces
  4875 | D:6      | Identified the +3 robe of Absence {Harm rC+ rCorr Int+3}
                  | (You bought it in a shop on level 6 of the Dungeon)
  4887 | D:6      | Bought a runed cloak for 142 gold pieces
  4942 | D:6      | Found a glowing drain.
  4963 | Sewer    | Entered a sewer
  5475 | D:6      | Found a glowing golden altar of the Shining One.
  5632 | D:7      | Found a bloodstained altar of Trog.
  5632 | D:7      | Noticed a moth of wrath
  5645 | D:7      | Got a dazzling flail
  5646 | D:7      | Identified the cursed +3 flail of Pandemonium {protect,
                  | Dex+5} (You found it on level 7 of the Dungeon)
  5794 | D:7      | Found a sacrificial altar of Ru.
  5849 | D:7      | Noticed a troll
  5855 | D:7      | Killed a troll
  5940 | D:7      | Found a sparkling altar of Nemelex Xobeh.
  5984 | D:7      | Found a staircase to the Ecumenical Temple.
  6184 | D:8      | Reached XP level 10. HP: 101/102 MP: 9/9
  6518 | D:8      | Received a gift from Trog
  6530 | D:8      | Found a basalt altar of Yredelemnul.
  6973 | D:8      | Found a shimmering altar of Xom.
  6973 | D:8      | Found a bloodstained altar of Trog.
  7047 | D:9      | Reached skill level 10 in Unarmed Combat
  7076 | D:9      | Reached skill level 1 in Armour
  7129 | D:9      | Reached skill level 1 in Evocations
  7175 | D:9      | Found Colinu Kunlo's Weapon Boutique.
  7177 | D:9      | Found a staircase to the Orcish Mines.
  7263 | D:9      | Found a glowing silver altar of Zin.
  7263 | D:9      | Found a hide-covered altar of Uskayaw.
  7360 | D:9      | Noticed a centaur warrior
  7371 | D:9      | Killed a centaur warrior
  7371 | D:9      | Reached skill level 1 in Stealth
  7641 | D:9      | Paralysed by a hornet for 2 turns
  7904 | D:9      | Found a staircase to the Lair.
  7924 | D:9      | Found a burning altar of Makhleb.
  8123 | Lair:1   | Entered Level 1 of the Lair of Beasts
  8152 | Lair:1   | Noticed a four-headed hydra
  8165 | Lair:1   | Killed an eight-headed hydra
  8167 | Lair:1   | Reached XP level 11. HP: 106/109 MP: 10/10
  8234 | Lair:1   | Found a gate leading to a gauntlet.
  8279 | Gauntlet | Entered a Gauntlet
  8279 | Gauntlet | Found a transporter.
  8279 | Gauntlet | Found a transporter.
  8279 | Gauntlet | Found a transporter.
  8279 | Gauntlet | Noticed a sixfirhy
  8305 | Gauntlet | Found a transporter.
  8309 | Gauntlet | Killed a sixfirhy
  8309 | Gauntlet | Reached skill level 11 in Unarmed Combat
  8316 | Gauntlet | Noticed a soul eater
  8318 | Gauntlet | Found a transporter.
  8318 | Gauntlet | Found a transporter.
  8330 | Gauntlet | Killed a soul eater
  8383 | Gauntlet | Noticed an obsidian statue
  8383 | Gauntlet | Found a transporter.
  8385 | Gauntlet | Noticed a thrashing horror
  8396 | Gauntlet | Found a transporter.
  8406 | Gauntlet | Identified the +6 quarterstaff "Zuhorchap" {pain, rPois rC+
                  | MR+ Int+4}
  8406 | Gauntlet | Identified the ring of Umabrehi {rPois rN+ MR+ Str+2}
  8406 | Gauntlet | Noticed a minotaur
  8416 | Gauntlet | Killed a minotaur
  9308 | Lair:2   | Noticed Gastronok
  9319 | Lair:2   | Killed Gastronok
  9374 | Lair:2   | Found a staircase to the Snake Pit.
  9455 | Lair:2   | Reached XP level 12. HP: 113/120 MP: 9/11
 10164 | Lair:3   | Noticed Fannar
 10183 | Lair:3   | Killed Fannar
 10183 | Lair:3   | Reached skill level 12 in Unarmed Combat
 10906 | Lair:3   | Reached skill level 5 in Armour
 11435 | Lair:4   | Noticed Snorg
 11445 | Lair:4   | Killed Snorg
 11592 | Lair:4   | Noticed a four-headed hydra
 11727 | Lair:4   | Found a staircase to the Shoals.
 11767 | Lair:4   | Reached skill level 13 in Unarmed Combat
 11767 | Lair:4   | Reached XP level 13. HP: 131/131 MP: 12/12
 11797 | Lair:4   | Reached skill level 5 in Evocations
 12319 | Lair:4   | Noticed a fire dragon
 12328 | Lair:4   | Killed a fire dragon
 13293 | Lair:5   | Found a staircase to the Slime Pits.
 13614 | Lair:5   | You fall into a shaft and drop 1 floor!
 13614 | Lair:6   | Entered Level 6 of the Lair of Beasts
 13995 | Orc:1    | Entered Level 1 of the Orcish Mines
 14140 | Orc:1    | Gained mutation: You occasionally shout uncontrollably at
                  | your foes. [a neqoxec]
 14321 | Orc:2    | Entered Level 2 of the Orcish Mines
 14322 | Orc:2    | Found Peygonwa's Magic Scroll Boutique.
 14334 | Orc:2    | Bought a scroll of identify for 30 gold pieces
 14334 | Orc:2    | Bought a scroll of identify for 30 gold pieces
 14334 | Orc:2    | Bought a scroll of identify for 30 gold pieces
 14644 | Orc:2    | Found Ruresuwi's Assorted Antiques.
 14648 | Orc:2    | Found Omovees's Jewellery Shop.
 14652 | Orc:2    | Bought a potion of haste for 270 gold pieces
 14802 | Orc:2    | Reached skill level 1 in Throwing
 14804 | Orc:2    | Reached skill level 14 in Unarmed Combat
 14804 | Orc:2    | Reached XP level 14. HP: 62/140 MP: 13/13
 14923 | Orc:2    | Found Hosuiraq's Book Boutique.
 14923 | Orc:2    | Found Daumpec's Weapon Emporium.
 14925 | Orc:2    | Found Tipyad's Armour Boutique.
 14925 | Orc:2    | Found Ocivonam's Antique Armour Emporium.
 14979 | Orc:2    | Found a staircase to the Elven Halls.
 15018 | Orc:2    | Found Ryclu's Gadget Shop.
 15100 | Orc:2    | Found Worhuh's Antique Armour Emporium.
 15407 | Orc:2    | Found a roughly hewn altar of Beogh.
 15637 | Orc:2    | Bought +1 gold dragon scales for 1218 gold pieces
 15750 | D:10     | Entered Level 10 of the Dungeon
 15823 | D:10     | Got a silken robe
 15834 | D:10     | Identified the cursed +0 robe of the Spider Nest {*Slow
                  | rCorr Str+3} (You found it on level 10 of the Dungeon)
 16717 | D:11     | Reached skill level 5 in Stealth
 16922 | D:11     | Reached ****** piety under Trog
 17603 | D:12     | Received a gift from Trog
 17685 | D:12     | Noticed Urug
 17691 | D:12     | Killed Urug
 17983 | D:12     | Found a runed translucent gate.
 17983 | D:12     | Noticed a red very ugly thing
 17984 | D:12     | Found a runed translucent gate.
 17984 | D:12     | Found a runed translucent gate.
 17984 | D:12     | Noticed Psyche
 18005 | D:12     | Killed Psyche
 18118 | D:12     | Noticed a green very ugly thing
 18947 | D:13     | Received a gift from Trog
 19582 | D:13     | Found a gate to the Vaults.
 20007 | D:14     | Reached XP level 15. HP: 149/149 MP: 14/14
 20259 | D:14     | Reached skill level 15 in Unarmed Combat
 20342 | D:14     | Found the +2 hat of the Bear Spirit {Spirit, +Rage rN+
                  | MR++}
 20650 | D:15     | Entered Level 15 of the Dungeon
 20773 | D:15     | Found a runed translucent door.
 20787 | D:15     | Found a runed translucent door.
 20790 | D:15     | Noticed Josephine
 20819 | D:15     | Found a runed translucent door.
 20829 | D:15     | Found a runed translucent door.
 20850 | D:15     | Noticed Azrael
 20862 | D:15     | Killed Azrael
 20962 | D:15     | Noticed Nessos
 20969 | D:15     | Killed Nessos
 21029 | D:15     | Found a staircase to the Depths.
 21038 | D:15     | Noticed Kirke
 21045 | D:15     | Noticed a sphinx
 21054 | D:15     | Killed Kirke
 21115 | D:15     | Reached skill level 5 in Throwing
 21588 | D:15     | Killed Josephine
 22076 | Shoals:1 | Entered Level 1 of the Shoals
 22159 | Shoals:1 | Reached skill level 1 in Shields
 22175 | Shoals:1 | Received a gift from Trog
 23444 | Shoals:2 | Found Wahyx's Magic Scroll Shoppe.
 23798 | Shoals:3 | Reached skill level 16 in Unarmed Combat
 24074 | Shoals:3 | Found Iculuump's Magic Scroll Boutique.
 24091 | Shoals:3 | Bought 2 scrolls of blinking for 180 gold pieces
 24199 | Shoals:3 | Noticed a kraken
 24225 | Shoals:3 | Received a gift from Trog
 24327 | Shoals:3 | Killed a kraken
 24327 | Shoals:3 | Reached skill level 5 in Shields
 24856 | Snake:1  | Entered Level 1 of the Snake Pit
 24891 | Snake:1  | Reached XP level 16. HP: 142/157 MP: 11/15
 25063 | Snake:1  | Found Vuowull's Magic Scroll Emporium.
 25067 | Snake:1  | Bought a scroll of enchant armour for 105 gold pieces
 25067 | Snake:1  | Bought a scroll of acquirement for 728 gold pieces
 25067 | Snake:1  | Acquired a manual of Evocations
 25104 | Snake:1  | Found Becaruma's Assorted Antiques.
 25143 | Snake:1  | Found a runed translucent gate.
 25143 | Snake:1  | Found a runed translucent gate.
 25143 | Snake:1  | Found a runed translucent gate.
 25147 | Snake:1  | Noticed Fastnbulbous's ghost (adept HaFi)
 25147 | Snake:1  | Noticed Ecilena's ghost (adept DsBe)
 25179 | Snake:1  | Found Rodameme's Antique Armour Emporium.
 26356 | Snake:2  | Reached skill level 17 in Unarmed Combat
 26551 | Snake:2  | Got a jewelled cloak
 26562 | Snake:2  | Identified the cursed +0 cloak "Sereurev" {rN+} (You found
                  | it on level 2 of the Snake Pit)
 27238 | Snake:3  | Received a gift from Trog
 27291 | Snake:3  | Noticed Vashnia
 27315 | Snake:3  | Killed Vashnia
 27635 | Snake:3  | Identified Roxanne's Reference Book on Changing
 27635 | Snake:3  | Noticed Roxanne
 27646 | Snake:3  | Killed Roxanne
 27649 | Snake:3  | Reached XP level 17. HP: 119/165 MP: 10/16
 27724 | Snake:3  | Reached skill level 10 in Shields
 28542 | Snake:1  | Bought a glowing tower shield for 210 gold pieces
 29104 | Lair:6   | Received a gift from Trog
 29539 | Lair:6   | Found a transporter.
 29706 | Lair:6   | Found a one-way gate to the infinite horrors of the Abyss.
 29706 | Lair:6   | Noticed donkeybrains's ghost (journeyman TrFi)
 29712 | Lair:6   | Found a transporter.
 29718 | Lair:6   | Identified the +6 trident of Vineasoj {distort, rF+ rC+
                  | Dex+2}
 29754 | Lair:6   | Killed donkeybrains's ghost
 30156 | Shoals:4 | Entered Level 4 of the Shoals
 30863 | Shoals:4 | Received a gift from Trog
 31010 | Shoals:4 | Got a barnacled rune of Zot
 31868 | Snake:4  | Entered Level 4 of the Snake Pit
 31894 | Snake:4  | Found Afixtoat's Antique Armour Shoppe.
 31977 | Snake:4  | Reached XP level 18. HP: 127/174 MP: 13/17
 32444 | Snake:4  | Bought a runed tower shield for 120 gold pieces
 32474 | Snake:4  | Received a gift from Trog
 33226 | Snake:4  | Found an ornate altar of the Wu Jian Council.
 33865 | Snake:4  | Got a serpentine rune of Zot
 34156 | Elf:1    | Entered Level 1 of the Elven Halls
 34245 | Elf:1    | Noticed a Hell Sentinel
 34284 | Elf:1    | Received a gift from Trog
 34595 | Elf:1    | Reached skill level 15 in Shields
 34845 | Elf:1    | Found Ecsoimm's Assorted Antiques.
 34848 | Elf:1    | Bought a potion of heal wounds for 170 gold pieces
 35043 | Elf:2    | Found a runed translucent gate.
 35044 | Elf:2    | Found a runed translucent gate.
 35045 | Elf:2    | Found a runed translucent gate.
 35069 | Elf:2    | Reached skill level 18 in Unarmed Combat
 35349 | Elf:2    | Reached skill level 10 in Fighting
 35437 | Elf:2    | Reached skill level 10 in Dodging
 35633 | Elf:2    | Received a gift from Trog
 35816 | Elf:2    | Reached XP level 19. HP: 153/182 MP: 14/18
 36061 | Elf:3    | Entered Level 3 of the Elven Halls
 36195 | Elf:3    | Found a frozen archway.
 36226 | IceCv    | Entered an ice cave
 36789 | IceCv    | Received a gift from Trog
 37319 | Elf:3    | Noticed akrivosticles's ghost (adept DDFi)
 37326 | Elf:3    | Found a transporter.
 37337 | Elf:3    | Found a transporter.
 37400 | Elf:3    | Found Heipnif's Distillery.
 37407 | Elf:3    | Bought 2 potions of haste for 360 gold pieces
 37758 | Elf:3    | Killed akrivosticles's ghost
 37928 | Elf:3    | Identified the amulet "Guenughu" {Reflect MR+ SH+5}
 38005 | Elf:3    | Received a gift from Trog
 38011 | Elf:3    | Reached skill level 10 in Armour
 38503 | Elf:3    | Noticed a Tzitzimitl
 38696 | Elf:3    | Reached skill level 10 in Evocations
 38889 | Elf:3    | Identified the Grimoire of Twisted Venom
 39447 | Vaults:1 | Entered Level 1 of the Vaults
 39601 | Vaults:1 | Reached XP level 20. HP: 195/195 MP: 19/19
 39676 | Vaults:1 | Identified the Catalogue of Spatial Creation
 39955 | Vaults:1 | Received a gift from Trog
 40578 | Vaults:1 | Received a gift from Trog
 41098 | Vaults:1 | Found the +2 cloak of the Thief {*Fog Slay-2 SInv Stlth+}
 41433 | Vaults:2 | Found Mife's Antique Weapon Shop.
 41856 | Vaults:2 | Reached skill level 19 in Unarmed Combat
 41971 | Vaults:2 | Received a gift from Trog
 42241 | Vaults:2 | Found a staircase to the Crypt.
 42988 | Vaults:2 | Acquired a manual of Unarmed Combat
 43168 | Vaults:3 | Reached XP level 21. HP: 205/205 MP: 20/20
 43175 | Vaults:3 | Received a gift from Trog
 43767 | Vaults:3 | Received a gift from Trog
 44948 | Vaults:4 | Received a gift from Trog
 45251 | Vaults:4 | Found a huge runed gate.
 45251 | Vaults:4 | Found a huge runed gate.
 45252 | Vaults:4 | Found a huge runed gate.
 45252 | Vaults:4 | Found a huge runed gate.
 45252 | Vaults:4 | Found a huge runed gate.
 45252 | Vaults:4 | Found a huge runed gate.
 45252 | Vaults:4 | Found a huge runed gate.
 45252 | Vaults:4 | Found a huge runed gate.
 45252 | Vaults:4 | Found a huge runed gate.
 45254 | Vaults:4 | Found a huge runed gate.
 45254 | Vaults:4 | Found a huge runed gate.
 45254 | Vaults:4 | Found a huge runed gate.
 45254 | Vaults:4 | Found a huge runed gate.
 45254 | Vaults:4 | Found a huge runed gate.
 45254 | Vaults:4 | Found a huge runed gate.
 45255 | Vaults:4 | Found a huge runed gate.
 45256 | Vaults:4 | Found a huge runed gate.
 45262 | Vaults:4 | Found a huge runed gate.
 45270 | Vaults:4 | Found a huge runed gate.
 45270 | Vaults:4 | Found a huge runed gate.
 45270 | Vaults:4 | Found a huge runed gate.
 45270 | Vaults:4 | Found a huge runed gate.
 45270 | Vaults:4 | Found a huge runed gate.
 45270 | Vaults:4 | Found a huge runed gate.
 45270 | Vaults:4 | Found a huge runed gate.
 45271 | Vaults:4 | Found a huge runed gate.
 45272 | Vaults:4 | Found a huge runed gate.
 45280 | Vaults:4 | Found a huge runed gate.
 45280 | Vaults:4 | Found a huge runed gate.
 45280 | Vaults:4 | Found a huge runed gate.
 45280 | Vaults:4 | Found a huge runed gate.
 45280 | Vaults:4 | Found a huge runed gate.
 45280 | Vaults:4 | Found a huge runed gate.
 45280 | Vaults:4 | Found a huge runed gate.
 45317 | Vaults:4 | Found a huge runed gate.
 45318 | Vaults:4 | Found a huge runed gate.
 46006 | Vaults:4 | Identified Ushre's Handbook of Excruciating Hexes
 46290 | Depths:1 | Entered Level 1 of the Depths
 46375 | Depths:1 | Received a gift from Trog
 46447 | Depths:1 | Reached XP level 22. HP: 192/215 MP: 19/21
 46872 | Depths:1 | Reached skill level 20 in Unarmed Combat
 46973 | Depths:1 | Noticed the Enchantress
 47030 | Depths:1 | Killed the Enchantress
 47225 | Depths:1 | Found a gateway to Hell.
 47241 | Depths:1 | Received a gift from Trog
 48295 | Depths:2 | Gained mutation: Your body sometimes deteriorates upon
                  | taking damage. [a neqoxec]
 48591 | Depths:2 | Noticed a shard shrike
 48593 | Depths:2 | a shard shrike changed into a titan
 49028 | Depths:2 | Got a sparkling lead ring
 49030 | Depths:2 | Identified the ring "Ipamas" {Wiz rPois rC+++ Str-4 Stlth-}
                  | (You found it on level 2 of the Depths)
 49470 | Depths:3 | Received a gift from Trog
 49861 | Depths:3 | Found Astrouroke's Gadget Shop.
 49861 | Depths:3 | Found Befixze's Jewellery Shoppe.
 49866 | Depths:3 | Found Ewkuelepp's Gadget Shop.
 49894 | Depths:3 | Bought the ring of Miwnoed {+Fly EV+4 Dex+7} for 1016 gold
                  | pieces
 50017 | Depths:3 | Noticed a golden dragon
 50038 | Depths:3 | Killed a golden dragon
 50038 | Depths:3 | Reached XP level 23. HP: 204/226 MP: 19/22
 50041 | Depths:3 | Noticed a juggernaut
 50065 | Depths:3 | Killed a juggernaut
 50074 | Depths:3 | Received a gift from Trog
 50187 | Depths:3 | Found a one-way gate leading to the halls of Pandemonium.
 50598 | Depths:3 | Identified the Incunabulum of Ashen Stolen Souls
 51050 | Depths:4 | Reached skill level 10 in Throwing
 51052 | Depths:4 | Noticed a juggernaut
 51064 | Depths:4 | Killed a juggernaut
 51490 | Depths:4 | Reached skill level 21 in Unarmed Combat
 51745 | Depths:3 | Received a gift from Trog
 51967 | Depths:4 | Gained mutation: Scrolls take you a little longer to read.
                  | [a shining eye]
 52250 | Depths:4 | Found a gateway to a ziggurat.
 52382 | Depths:4 | Found a broken altar of Ashenzari.
 53132 | Depths:5 | Entered Level 5 of the Depths
 53816 | Depths:5 | Found a runed translucent gate.
 53816 | Depths:5 | Found a runed translucent gate.
 53816 | Depths:5 | Found a runed translucent gate.
 53825 | Depths:5 | Noticed catramo's ghost (veteran DsVM)
 53880 | Depths:5 | Killed catramo's ghost
 53898 | Depths:5 | Received a gift from Trog
 53994 | Depths:5 | Got a bound amber ring
 53996 | Depths:5 | Identified the ring of Gudu Jun {rC- rN+++ EV+4 Str-5
                  | Int+10} (You found it on level 5 of the Depths)
 54230 | Depths:5 | Reached XP level 24. HP: 235/235 MP: 22/22
 55069 | Depths:5 | Found a gate to the Realm of Zot.
 55506 | Vaults:5 | Entered Level 5 of the Vaults
 55607 | Vaults:5 | Identified the +7 spear "Huokisy" {drain, rC+ Str+10}
 55689 | Vaults:4 | Reached skill level 10 in Stealth
 55982 | Vaults:5 | Cast into level 3 of the Abyss (tengu reaver)
 55982 | Abyss:3  | Found a corrupted altar of Lugonu.
 56029 | Abyss:3  | Found a corrupted altar of Lugonu.
 56217 | Abyss:3  | Received a gift from Trog
 56289 | Vaults:5 | Escaped the Abyss
 56318 | Vaults:4 | HP: 14/358 [deep elf sorcerer/bolt of acid (11)]
 56323 | Vaults:4 | HP: 9/358 [starcursed mass/accursed screaming (4)]
 56325 | Vaults:4 | HP: 1/239 [starcursed mass/accursed screaming (7)]
 57436 | Vaults:5 | Noticed an ancient lich
 57599 | Vaults:5 | Killed an ancient lich
 57742 | Vaults:5 | Reached XP level 25. HP: 247/247 MP: 22/22
 57876 | Vaults:5 | Received a gift from Trog
 57898 | Vaults:5 | Gained mutation: Armour fits poorly on your strangely
                  | shaped body. [a shining eye]
 58006 | Vaults:5 | Reached skill level 22 in Unarmed Combat
 58236 | Vaults:5 | Got a silver rune of Zot
 58724 | Vaults:5 | Identified the cursed +1 broad axe "Uridghae" {vorpal,
                  | rPois MR+ Str+4}
 58754 | Vaults:5 | Acquired a manual of Fighting
 58883 | Vaults:5 | Identified the +3 leather armour of the Other Side {Str+3}
 59014 | Vaults:5 | Received a gift from Trog
 59527 | Zot:1    | Entered Level 1 of the Realm of Zot
 60721 | Zot:1    | Reached XP level 26. HP: 260/260 MP: 22/22
 60788 | Zot:1    | Received a gift from Trog
 62094 | Zot:2    | Reached skill level 15 in Fighting
 63162 | Zot:3    | Received a gift from Trog
 63500 | Zot:3    | Reached skill level 23 in Unarmed Combat
 63999 | Zot:4    | Reached XP level 27. HP: 252/273 MP: 21/22
 64190 | Zot:4    | Received a gift from Trog
 64909 | Zot:5    | Entered Level 5 of the Realm of Zot
 66688 | Zot:5    | Noticed an ancient lich
 66695 | Zot:5    | Killed an ancient lich
 66695 | Zot:5    | Reached skill level 24 in Unarmed Combat
 66990 | Zot:5    | Noticed an orb of fire
 67171 | Zot:5    | Noticed an orb of fire
 67179 | Zot:5    | Noticed an orb of fire
 67191 | Zot:5    | Gained mutation: Scrolls take you longer to read. [an orb
                  | of fire]
 67194 | Zot:5    | Killed an orb of fire
 67208 | Zot:5    | Gained mutation: Your magical capacity is low. (-10% MP)
                  | [an orb of fire]
 67213 | Zot:5    | Killed an orb of fire
 67222 | Zot:5    | Noticed an ancient lich
 67232 | Zot:5    | Noticed an orb of fire
 67241 | Zot:5    | Killed an ancient lich
 67243 | Zot:5    | HP: 9/279 [orb of fire/fireball (17)]
 67247 | Zot:5    | Gained mutation: Your magical capacity is very low. (-20%
                  | MP) [an orb of fire]
 67248 | Zot:5    | Killed from afar by an orb of fire

Illustrated notes

Levels and vault maps discovered:
D:1:      dpeg_arrival_water_temple_mockup, layout_basic,
          minmay_gold_behind_fungi
D:2:      layout_basic, vehumet_crystals, uniq_jessica
D:3:      layout_loops_ring, uniq_ijyb, uniq_robin, uniq_crazy_yiuf_cottage
D:4:      layout_basic, kennysheep_generic_room_9
D:5:      layout_loops_corners, nicolae_ossuary_entry_giza, uniq_duvessa,
          uniq_edmund
D:6:      hangedman_cross_stitches, layout_basic, nicolae_tso_carved_into_rock,
          cheibrodos_sewer_entry_bend, minmay_shop_grid_forest,
          uniq_prince_ribbit1
D:7:      layout_rooms, kennysheep_mini, hangedman_ru_absence, temple_statues,
          ebering_dispersal_statue_hall, interstate_on_off, tgw_trog
D:8:      layout_basic, yredelemnul_altar_generic,
          gammafunk_temple_overflow_pools
D:9:      minmay_diamond_stairs, layout_stronghold, lightli_temple_of_fire,
          gammafunk_temple_overflow_statue, grunt_lair_entry_orc_guard_hut,
          orc_david_3, serial_column_ruins, column_ruins_grid_5,
          column_ruins_hut, column_ruins_grid_1, column_ruins_open_tiny,
          column_ruins_open_tiny, chequers_jeans
D:10:     layout_irregular_city, serial_column_ruins, column_ruins_square_small,
          column_ruins_columns_corner, column_ruins_columns_straight,
          column_ruins_open_small, column_ruins_corridor_straight,
          column_ruins_columns_corner, minmay_three_doors
D:11:     layout_basic
D:12:     layout_long_grid, ploomutoo_gammafunk_ghost_potion_laboratory,
          uniq_urug, uniq_psyche
D:13:     layout_rooms, ximxim_vaults_locker_room
D:14:     layout_cave_pods, columned_hall_lemuel
D:15:     hangedman_depths_entry_civil_slaughter, layout_basic,
          chequers_serial_rivers_large_b, minmay_statue_crystal_thing,
          uniq_kirke, uniq_josephine, uniq_azrael, uniq_nessos
Lair:1:   layout_cave_pods, gauntlet_entry_generic, beast_lair_carwin_3,
          infiniplex_staircase_pool
Lair:2:   layout_roguey, minmay_snake_entry_guardpost_small,
          chequers_serial_rivers_micro_e, uniq_gastronok
Lair:3:   regret_index_tunnel_blossom, layout_hall_layers, uniq_fannar
Lair:4:   layout_regular_city, elwin_shoals_entry_rocks,
          bobbens_dragon_lair_wall, grunt_megastairs_3, uniq_snorg
Lair:5:   layout_loops_ring, minmay_slime_entry_jelly_boxes, grunt_megastairs_2
Lair:6:   minmay_lair_end_frog_pond, layout_gridlike,
          gammafunk_ghost_abyssal_escape, minmay_shattered_shrine
Shoals:1: layout_shoals, centaur_isle
Shoals:2: layout_shoals, serial_shops, nicolae_shop_trees
Shoals:3: layout_shoals, serial_shops, nicolae_shop_stone
Shoals:4: shoals_end_grunt_ice, layout_shoals, uniq_aizul
Snake:1:  layout_onion_interference, serial_shops,
          nicolae_shop_overgrown_old_shop, shop_scrolls,
          nicolae_shop_overgrown_old_shop, gammafunk_ghost_cemetery
Snake:2:  layout_onion_interference, nicolae_snake_springs
Snake:3:  layout_basic, serial_bayou_shore_a, uniq_vashnia, uniq_roxanne
Snake:4:  minmay_snake_end_coiled, layout_cave_town, basic_altar, serial_shops,
          shop, minmay_snake_pond
Orc:1:    layout_diamond_mine, nicolae_orc_lava_room
Orc:2:    grunt_orc_tribal_feast, layout_caves, serial_shops, shop,
          nicolae_shop_overgrown_old_shop, nicolae_shop_statue_plus, shop, shop,
          bh_open_orc_temple
Elf:1:    layout_gridlike, serial_shops, nicolae_shop_behind_doors,
          minmay_elf_demonology, grunt_ministairs_2
Elf:2:    layout_geoelf_grid
Elf:3:    minmay_elf_hall_x, layout_loops_ring,
          portal_ice_cave_entry_ugly_swarm, serial_shops, shop,
          gammafunk_ghost_arena, kilobyte_rumbling_trees
Vaults:1: v_misc_25, nicolae_vaults_c_with_doors,
          nicolae_vaults_little_squares_5, nicolae_vaults_hallways_thing,
          nicolae_vaults_three_branches, v_misc_3,
          nicolae_vaults_network_square, dpeg_vaults_monster_box,
          grunt_vaults_hallway_short, layout_vaults_quadrants
Vaults:2: minmay_crypt_entry_simple_statues, v_alt_pattern_3,
          nicolae_vaults_little_ls, v_alt_pattern_4,
          nicolae_vaults_network_star, vaults_mumra_hex, v_misc_29,
          vaults_dpeg_doors, ontoclasm_vaults_hangar, layout_vaults_omnicross,
          serial_shops, shop_statue
Vaults:3: vaults_room_door_hall, v_misc_13, v_misc_18, v_pattern_4,
          grunt_vaults_hallway_short, v_misc_18, v_alt_pattern_2,
          nicolae_vaults_little_squares_6, v_misc_8, vaults_room_corners,
          ontoclasm_vaults_decontamination, nicolae_vaults_circle_grid_b,
          v_misc_14, layout_vaults_omnibox
Vaults:4: vaults_dpeg_ring, v_misc_1, ontoclasm_vaults_shuriken,
          ontoclasm_vaults_water_temple, v_misc_11, vaults_room_fancy_cross,
          nicolae_vaults_back_hallway, v_misc_23, v_alt_pattern_4,
          ontoclasm_vaults_bender, v_misc_3, ontoclasm_vaults_chip,
          vaults_not_door_vault_mu, v_pattern_2, serial_ice_g,
          grunt_vaults_hallway_short, vaults_room_grunt_arrival_checkpoint,
          layout_vaults_ring
Vaults:5
Depths:1: layout_cave_pools, kennysheep_doodads,
          grunt_hell_entry_demonic_statue, hex_tiny, bh_walls_and_bars,
          uniq_enchantress
Depths:2: radiant_caverns_b_rkd, hell_entry
Depths:3: minmay_broken_ring, layout_long_grid, pf_hell_entry_tar_spiral,
          grunt_decor_cap, pan_entry, abyss_entry,
          infiniplex_staircase_pool_lava, minmay_shop_grove
Depths:4: hangedman_arrow_trap, layout_cave_shapes, enter_ziggurat_b,
          abyss_entry, grunt_hell_entry_dis_mu, skrybe_limestone_x,
          nicolae_ashenzari_panopticon, minmay_staircase_statues
Depths:5: lemuel_castle_with_subvaults [lemuel_castle_interior_carwin_3],
          layout_cave_pools, hell_entry, rand_demon_pan_entry_1,
          roderic_three_in_a_row, gammafunk_ghost_necromancy
Zot:1:    lemuel_halls_of_wrath, layout_gridlike
Zot:2:    layout_concentric_octagons
Zot:3:    layout_basic, zot_minivault_1, grunt_megastairs_5
Zot:4:    layout_cellular_growth
Zot:5:    layout_misc_corridors

Skill      XL: |  1  2  3  4  5  6  7  8  9 10 11 12 13 14 15 16 17 18 19 20 21 22 23 24 25 26 27 |
---------------+----------------------------------------------------------------------------------+-----
Unarmed Combat | 4 5 6 7 8 9 10 11 13 14 16 17 18 19 20 21 22 23 24 | 24.7
Dodging        | 3 4 5 7 8 9 10 11 12 13 14 | 14.9
Fighting       | 3 4 5 7 8 9 10 11 12 13 14 15 17 | 17.5
Armour         | 2 3 5 6 8 9 10 11 12 13 14 | 14.4
Evocations     | 2 3 4 5 6 7 8 10 11 12 13 14 | 14.4
Stealth        | 1 3 4 5 6 7 8 9 10 11 12 | 12.0
Throwing       | 1 4 5 7 8 9 10 11 12 13 | 13.0
Shields        | 5 9 13 15 16 17 18 19 | 19.0

Action                   |  1- 3 |  4- 6 |  7- 9 | 10-12 | 13-15 | 16-18 | 19-21 | 22-24 | 25-27 || total
-------------------------+-------+-------+-------+-------+-------+-------+-------+-------+-------++-------
Melee: Unarmed           |    90 |   106 |   359 |   519 |  1333 |  1669 |  2000 |  1991 |  1581 ||  9648
       Punch             |     1 |       |    10 |    46 |   108 |       |       |       |       ||   165
Throw: Dart              |       |       |       |     4 |    25 |     2 |       |       |       ||    31
       Javelin           |       |       |       |       |       |     3 |    18 |       |     2 ||    23
       Large rock        |       |       |       |       |       |       |     5 |    20 |    33 ||    58
Invok: Berserk           |     2 |     8 |    12 |    12 |    22 |    16 |    13 |    14 |     6 ||   105
       Trog's Hand       |       |     1 |     4 |     9 |    12 |    11 |    10 |    17 |    10 ||    74
       Brothers in Arms  |       |       |       |       |     6 |     5 |     4 |     8 |     3 ||    26
 Abil: Evoke Flight      |       |       |       |       |     3 |       |       |     2 |       ||     5
       Stop Flying       |       |       |       |       |       |       |       |     1 |       ||     1
Evoke: Wand              |       |       |       |       |    10 |     7 |     4 |     1 |       ||    22
       Phial of floods   |       |       |       |       |     1 |       |     1 |       |     1 ||     3
       Lightning rod     |       |       |       |       |       |       |     3 |     1 |     2 ||     6
       Tin of tremorston |       |       |       |       |       |       |     3 |     8 |     1 ||    12
       Box of beasts     |       |       |       |       |       |       |       |     1 |     1 ||     2
  Use: Scroll            |       |     2 |    16 |    11 |    11 |    10 |     7 |     4 |     9 ||    70
       Potion            |       |       |       |       |       |       |     3 |     7 |     6 ||    16
 Stab: Sleeping          |       |       |     1 |       |     1 |       |       |       |       ||     2
       Distracted        |       |       |       |       |       |     2 |     2 |       |     1 ||     5
       Confused          |       |       |       |       |       |       |       |     3 |       ||     3
       Invisible         |       |       |       |       |       |       |       |     2 |       ||     2
Armor: Animal skin       |    43 |    35 |    53 |       |       |       |       |       |       ||   131
       Ice dragon scales |       |       |    82 |   292 |   188 |       |    21 |       |       ||   583
       Gold dragon scale |       |       |       |       |   591 |   474 |   439 |   764 |   275 ||  2543
Dodge: Dodged            |    56 |    53 |   185 |   264 |   528 |   207 |   286 |   502 |   347 ||  2428
Block: Tower shield      |     2 |       |       |       |       |  1269 |  1838 |  2476 |  1453 ||  7038
       Other             |       |       |       |    51 |   217 |       |       |       |       ||   268
       Reflection        |       |       |       |       |    78 |   170 |   148 |    75 |    35 ||   506
       Kite shield       |       |       |       |       |   328 |   469 |       |       |       ||   797

Table legend: (Time is in decaauts)
 A = Elapsed time spent in this place.
 B = Non-inter-level travel time spent in this place.
 C = Inter-level travel time spent in this place.
 D = Time resting spent in this place.
 E = Time spent auto-exploring this place.
 F = Levels seen in this place.
 G = Mean time per level.
                   A        B        C        D        E       F      G
               +--------+--------+--------+--------+--------+-----+--------+
         Total |  65432 |  61105 |   4327 |  16191 |  28291 |  54 | 1211.7 |
       Dungeon |  14527 |  13475 |   1052 |   2671 |   8165 |  15 |  968.5 |
          Lair |   7299 |   6675 |    624 |   1218 |   3768 |   6 | 1216.5 |
        Shoals |   4553 |   4175 |    378 |   1101 |   1529 |   4 | 1138.2 |
     Snake Pit |   5782 |   5377 |    405 |   1165 |   2651 |   4 | 1445.5 |
  Orcish Mines |   1792 |   1566 |    226 |    296 |    828 |   2 |  896.0 |
   Elven Halls |   4165 |   4027 |    138 |   1291 |   1297 |   3 | 1388.3 |
        Vaults |   9800 |   9098 |    702 |   2323 |   4125 |   5 | 1960.0 |
        Depths |   8571 |   7947 |    624 |   2712 |   3004 |   5 | 1714.2 |
           Zot |   7221 |   7045 |    176 |   2859 |   2482 |   5 | 1444.2 |
         Abyss |    249 |    249 |      0 |     37 |     27 |   1 |  249.0 |
         Sewer |    349 |    349 |      0 |      0 |    264 |   1 |  349.0 |
       Ossuary |    248 |    248 |      0 |    134 |      2 |   1 |  248.0 |
      Ice Cave |    705 |    705 |      0 |    331 |    144 |   1 |  705.0 |
      Gauntlet |    168 |    168 |      0 |     51 |      3 |   1 |  168.0 |
               +--------+--------+--------+--------+--------+-----+--------+

Top non-repeatable levels by time:
Vaults:4: 3113 daAuts
   Elf:3: 2304 daAuts
   Zot:5: 2277 daAuts
Vaults:1: 2207 daAuts
Depths:3: 2104 daAuts
Depths:5: 2014 daAuts
Depths:2: 1833 daAuts
  Lair:4: 1789 daAuts
 Snake:3: 1776 daAuts
Vaults:5: 1621 daAuts
   Zot:1: 1607 daAuts
 Snake:4: 1527 daAuts
Shoals:3: 1513 daAuts
  Lair:3: 1509 daAuts
Vaults:3: 1444 daAuts
